 Dungeon Crawl Stone Soup version 0.30-a0-137-gd8773701ce (webtiles) character file.

Game seed: 12007206908341917108

1 ryw the Trooper (level 1, 0/16 HPs)
             Began as a Demonspawn Monk on Sept 22, 2022.
             Was a Believer of Hepliaklqana.
             Slain by a kobold
             ... wielding a +6 short sword
              (1 damage)
             ... on level 2 of the Dungeon.
             The game lasted 00:00:44 (302 turns).

ryw the Trooper (Demonspawn Monk)                    Turns: 302, Time: 00:00:44

Health: 0/16       AC:  2    Str: 11    XL:     1   Next: 16%
Magic:  1/1        EV: 10    Int: 11    God:    Hepliaklqana [**....]
Gold:   7          SH:  7    Dex: 15    Spells: 0/0 levels left

rFire   . . .      SeeInvis .      - Unarmed
rCold   . . .      Faith    .    d - +0 kite shield
rNeg    . . .      Spirit   .    a - +0 robe
rPois   .          Reflect  .    (no helmet)
rElec   .          Harm     .    (no cloak)
rCorr   .          Rampage  .    (no gloves)
Will    .....                    (no boots)
Stlth   ++........               (no amulet)
HPRegen 0.05/turn                (no ring)
MPRegen 0.07/turn                (no ring)

@: no status effects
A: reduced essence
a: Renounce Religion, Recall Ancestor, Ancestor Identity


You were on level 2 of the Dungeon.
You worshipped Hepliaklqana.
Hepliaklqana was pleased with you.
You visited 1 branch of the dungeon, and saw 2 of its levels.

You collected 7 gold pieces.

Inventory:

Missiles
 c - 5 stones (quivered)
Armour
 a - a +0 robe (worn)
 d - a +0 kite shield (worn)
Potions
 b - a potion of ambrosia


   Skills:
 + Level 3.1 Fighting
 - Level 2.6 Dodging
 - Level 1.7 Stealth
 - Level 2.6 Unarmed Combat


You couldn't memorise any spells.
You didn't know any spells.
Your spell library was empty.

Dungeon Overview and Level Annotations

Branches:
Dungeon (1/15)

Altars:
Hepliaklqana


Message History

You block the kobold's attack.
Khalidah casts a spell at the kobold.
The kobold appears confused.
You hit the kobold.
The kobold is heavily wounded.
The kobold shakes.
You block the kobold's attack.
You hit the kobold.
The kobold is severely wounded.
The kobold hits you with a +6 short sword!
Ouch! That really hurt!
You are too injured to fight recklessly!
You are too injured to fight recklessly!
You are too injured to fight recklessly!
You hit the kobold but do no damage.
The kobold is severely wounded.
The kobold seems less confused.
You block the kobold's attack.
You hit the kobold but do no damage.
The kobold is severely wounded.
You block the kobold's attack.
The kobold hits you with a +6 short sword.
* * * LOW HITPOINT WARNING * * *
You swap places.
Khalidah hits the kobold but does no damage.
The kobold misses Khalidah.
Khalidah closely misses the kobold.
Khalidah hits the kobold with a +0 dagger of draining.
The kobold hits Khalidah with a +6 short sword.
Khalidah gestures at the kobold while chanting.
The kobold resists with significant effort.
The kobold hits Khalidah with a +6 short sword.
Khalidah is destroyed!
The kobold shouts!
The kobold attacks as you move away! The kobold barely misses you.
The kobold attacks as you move away!
The kobold hits you with a +6 short sword.
* * * LOW HITPOINT WARNING * * *
The kobold attacks as you move away!
The kobold hits you with a +6 short sword.
You die...

#.#.##..##..# #.#.##..##..#
##.#.##..##..#
.............#
##.#.##.###..#
#.#.##.###..###### .##
#......##......... ..#
#.#.##.##...#.#### #.#
#@#.##.##...#.# #.#
#K#.##.##...#.# #.#
#.#.##.##.....###
#.###...............#
#.#####.#.................#
#................##.......#
###############......._..###
..###........ #..###.....###


You could see a kobold.

Vanquished Creatures
  An endoplasm (D:2)
1 creature vanquished.

Vanquished Creatures (others)
  A hexer (D:2)
1 creature vanquished.

Grand Total: 2 creatures vanquished

Notes
Turn   | Place    | Note
-------+----------+-------------------------------------------
     0 | D:1      | ryw the Demonspawn Monk began the quest for the Orb.
     0 | D:1      | Reached XP level 1. HP: 18/18 MP: 1/1
   226 | D:1      | You fall into a shaft and drop 1 floor!
   226 | D:2      | Found a hazy altar of Hepliaklqana.
   233 | D:2      | Became a worshipper of Hepliaklqana the Forgotten
   233 | D:2      | Reached * piety under Hepliaklqana
   233 | D:2      | Reached ** piety under Hepliaklqana
   234 | D:2      | Remembered your ancestor Khalidah as a hexer
   302 | D:2      | Slain by a kobold

Illustrated notes

Levels and vault maps discovered:
D:1:      dpeg_cavernosity, layout_basic, serial_shops, shop
D:2:      layout_basic, basic_altar, minmay_pentomino_o4

Action                   || total
-------------------------++-------
Melee: Unarmed           ||     8
Invok: Ancestor Life: He ||     1
 Stab: Sleeping          ||     1
Armor: Robe              ||     1
Dodge: Dodged            ||     1
Block: Kite shield       ||     5

Table legend: (Time is in decaauts)
 A = Elapsed time spent in this place.
 B = Non-inter-level travel time spent in this place.
 C = Inter-level travel time spent in this place.
 D = Time resting spent in this place.
 E = Time spent auto-exploring this place.
 F = Levels seen in this place.
 G = Mean time per level.
                   A        B        C        D        E       F      G
               +--------+--------+--------+--------+--------+-----+--------+
         Total |    302 |    302 |      0 |      0 |    242 |   2 |  151.0 |
       Dungeon |    302 |    302 |      0 |      0 |    242 |   2 |  151.0 |
               +--------+--------+--------+--------+--------+-----+--------+

Top non-repeatable levels by time:
     D:1: 226 daAuts
     D:2: 76 daAuts
